[Event "FICS rated blitz game"]
[Site "FICS freechess.org"]
[FICSGamesDBGameNo "20002541"]
[White "Avocadoshampoo"]
[Black "grabIt"]
[WhiteElo "1411"]
[BlackElo "1514"]
[WhiteRD "na"]
[BlackRD "na"]
[TimeControl "240+4"]
[Date "1999.10.12"]
[Time "06:30:00"]
[WhiteClock "0:04:00.000"]
[BlackClock "0:04:00.000"]
[ECO "E81"]
[PlyCount "56"]
[Result "0-1"]

1. d4 Nf6 2. c4 g6 3. Nc3 Bg7 4. e4 d6 5. f3 O-O 6. Bg5 h6 7. Bh4 e5 8. d5 Nbd7 9. Bd3 a5 10. a4 Nc5 11. Nge2 Qe8 12. Bf2 Nxd3+ 13. Qxd3 Nd7 14. Nb5 Qd8 15. O-O b6 16. Nec3 Nc5 17. Bxc5 bxc5 18. Rf2 f5 19. Raf1 Rf7 20. Qd2 f4 21. Ne2 g5 22. Rb1 Bd7 23. Nec3 h5 24. Qe1 Kh7 25. Rc2 g4 26. Rf2 g3 27. hxg3 fxg3 28. Re2 Qh4 {White forfeits on time} 0-1

[Event "FICS rated blitz game"]
[Site "FICS freechess.org"]
[FICSGamesDBGameNo "20002540"]
[White "killermove"]
[Black "sorcio"]
[WhiteElo "2015"]
[BlackElo "1914"]
[WhiteRD "na"]
[BlackRD "na"]
[TimeControl "180+0"]
[Date "1999.10.12"]
[Time "06:15:00"]
[WhiteClock "0:03:00.000"]
[BlackClock "0:03:00.000"]
[ECO "C01"]
[PlyCount "63"]
[Result "1-0"]

1. e4 e6 2. d4 d5 3. Nc3 Bb4 4. exd5 exd5 5. Bd3 Nc6 6. a3 Bxc3+ 7. bxc3 Nge7 8. Qh5 Be6 9. Nh3 Qd7 10. Ng5 g6 11. Qe2 Bf5 12. O-O Bxd3 13. cxd3 h6 14. Nf3 O-O-O 15. Bf4 g5 16. Be5 Rhe8 17. Qb2 Ng6 18. Bf6 Nce7 19. Ne5 Qd6 20. Rab1 b6 21. Bxe7 Nxe7 22. Nxf7 Qf4 23. Nxd8 Rxd8 24. Rfe1 Nf5 25. Qe2 Nh4 26. a4 Rf8 27. a5 Nf5 28. axb6 axb6 29. Ra1 Kb7 30. Qe5 Qh4 31. Qxd5+ Kb8 32. Ra8# {Black checkmated} 1-0

[Event "FICS rated blitz game"]
[Site "FICS freechess.org"]
[FICSGamesDBGameNo "20002539"]
[White "shrid"]
[Black "HarryP"]
[WhiteElo "1385"]
[BlackElo "1430"]
[WhiteRD "na"]
[BlackRD "na"]
[TimeControl "180+0"]
[Date "1999.10.12"]
[Time "05:27:00"]
[WhiteClock "0:03:00.000"]
[BlackClock "0:03:00.000"]
[ECO "A85"]
[PlyCount "132"]
[Result "0-1"]

1. d4 f5 2. c4 Nf6 3. Bg5 e6 4. Nc3 Be7 5. Nf3 O-O 6. e3 d6 7. Be2 Qe8 8. O-O Ne4 9. Bxe7 Nxc3 10. bxc3 Qxe7 11. Rb1 b6 12. d5 e5 13. Qc2 Nd7 14. a4 Nc5 15. Nd2 Bd7 16. Nb3 Bxa4 17. Qa2 Bxb3 18. Rxb3 Nxb3 19. Qxb3 a5 20. Qc2 a4 21. Ra1 a3 22. Qb3 Ra5 23. Rxa3 Rxa3 24. Qxa3 Qd7 25. Qb2 Qa4 26. Qb1 Ra8 27. Qxf5 Qa1+ 28. Bf1 Rf8 29. Qd7 Qxc3 30. Qxc7 Qb4 31. Qc6 Qc5 32. e4 Qxc6 33. dxc6 Rc8 34. f3 Rxc6 35. Bd3 Rc5 36. Kf2 Kf8 37. Ke3 Ke7 38. g3 Kf6 39. f4 exf4+ 40. gxf4 g6 41. h3 h6 42. Kf3 Ke6 43. Kg4 Kf6 44. h4 h5+ 45. Kg3 Rc8 46. Kf3 Ra8 47. Ke3 Ra3 48. Kd2 Ra2+ 49. Bc2 Ra3 50. Bd3 Ra1 51. Ke3 Rh1 52. f5 gxf5 53. exf5 Rxh4 54. Be2 Rh3+ 55. Bf3 Rxf3+ 56. Kxf3 Kxf5 57. Kg3 Ke4 58. Kh4 Kd4 59. Kxh5 Kxc4 60. Kg4 b5 61. Kf4 b4 62. Ke3 Kc3 63. Ke4 b3 64. Kd5 b2 65. Kxd6 b1=Q 66. Ke6 Qb5 {White forfeits on time} 0-1

[Event "FICS rated blitz game"]
[Site "FICS freechess.org"]
[FICSGamesDBGameNo "20002538"]
[White "Tiberius"]
[Black "HooK"]
[WhiteElo "1720"]
[BlackElo "1725"]
[WhiteRD "na"]
[BlackRD "na"]
[TimeControl "180+0"]
[Date "1999.10.12"]
[Time "05:01:00"]
[WhiteClock "0:03:00.000"]
[BlackClock "0:03:00.000"]
[ECO "C01"]
[PlyCount "46"]
[Result "0-1"]

1. e4 e6 2. d4 d5 3. exd5 exd5 4. Bd3 Bd6 5. h3 Ne7 6. Nf3 Nbc6 7. O-O Bf5 8. Re1 Bxd3 9. Qxd3 O-O 10. Bg5 Qd7 11. Nc3 Nb4 12. Qd2 f6 13. Bh4 Nf5 14. Re2 Nxh4 15. Nxh4 c6 16. a3 Na6 17. Rae1 Nc7 18. Nf3 Rae8 19. Nd1 Ne6 20. c3 Nf4 21. Qc2 Nxe2+ 22. Rxe2 Rxe2 23. Qxe2 Re8 {White resigns} 0-1

[Event "FICS rated blitz game"]
[Site "FICS freechess.org"]
[FICSGamesDBGameNo "20002537"]
[White "kaki"]
[Black "Benkku"]
[WhiteElo "1645"]
[BlackElo "1704"]
[WhiteRD "na"]
[BlackRD "na"]
[TimeControl "180+0"]
[Date "1999.10.12"]
[Time "04:08:00"]
[WhiteClock "0:03:00.000"]
[BlackClock "0:03:00.000"]
[ECO "B84"]
[PlyCount "70"]
[Result "0-1"]

1. e4 c5 2. Nf3 d6 3. d4 cxd4 4. Nxd4 Nf6 5. Nc3 a6 6. Be2 e6 7. O-O Be7 8. f4 Qc7 9. e5 dxe5 10. fxe5 Qxe5 11. Bf4 Qc5 12. Be3 Qc7 13. Bf2 O-O 14. Bg3 Bd6 15. Bxd6 Qxd6 16. Bf3 Rd8 17. Nce2 e5 18. Nb3 Qb6+ 19. Kh1 Rxd1 20. Rfxd1 Nc6 21. Nc3 Be6 22. Nd2 Rd8 23. Nc4 Bxc4 24. Rxd8+ Qxd8 25. b3 Be6 26. Bxc6 bxc6 27. Rd1 Qc7 28. h3 g6 29. Na4 Bd5 30. Rd2 Qc8 31. Nc5 Qxh3+ 32. Kg1 Qc3 33. Rf2 Qxc5 34. b4 Qe3 35. a3 Ne4 {White resigns} 0-1

[Event "FICS rated blitz game"]
[Site "FICS freechess.org"]
[FICSGamesDBGameNo "20002536"]
[White "imre"]
[Black "Latvija"]
[WhiteElo "1235"]
[BlackElo "1195"]
[WhiteRD "na"]
[BlackRD "na"]
[TimeControl "240+4"]
[Date "1999.10.12"]
[Time "03:42:00"]
[WhiteClock "0:04:00.000"]
[BlackClock "0:04:00.000"]
[ECO "D02"]
[PlyCount "45"]
[Result "1-0"]

1. d4 d5 2. Nf3 Nf6 3. Bf4 e6 4. e3 Bb4+ 5. c3 Ba5 6. h3 O-O 7. Bd3 Nc6 8. Nbd2 Bd7 9. Ne5 Nxe5 10. Bxe5 a6 11. Nf3 Ne4 12. Qc2 f5 13. b4 Bb6 14. a4 a5 15. bxa5 Bxa5 16. O-O Bxc3 17. Ra3 Bb4 18. Rb3 Bxa4 19. Bxc7 Bxb3 20. Bxd8 Bxc2 21. Bxc2 Raxd8 22. Rb1 Bd6 23. Rxb7 {Black forfeits on time} 1-0

[Event "FICS rated blitz game"]
[Site "FICS freechess.org"]
[FICSGamesDBGameNo "20002534"]
[White "Enrico"]
[Black "cfrye"]
[WhiteElo "1374"]
[BlackElo "1364"]
[WhiteRD "na"]
[BlackRD "na"]
[TimeControl "180+0"]
[Date "1999.10.12"]
[Time "01:44:00"]
[WhiteClock "0:03:00.000"]
[BlackClock "0:03:00.000"]
[ECO "B73"]
[PlyCount "41"]
[Result "1-0"]

1. e4 c5 2. Nf3 d6 3. d4 cxd4 4. Nxd4 Nf6 5. Nc3 g6 6. Be3 Bg7 7. Be2 O-O 8. O-O Nc6 9. f4 Bd7 10. Nxc6 bxc6 11. e5 dxe5 12. fxe5 Ne8 13. Bf4 Nc7 14. Bf3 Rb8 15. Qc1 Ne6 16. Bg3 Nd4 17. Be4 Nb5 18. Nxb5 cxb5 19. Kh1 Qc7 20. e6 Qd6 21. Bxd6 {Black resigns} 1-0

[Event "FICS rated blitz game"]
[Site "FICS freechess.org"]
[FICSGamesDBGameNo "20002533"]
[White "Frco"]
[Black "myldone"]
[WhiteElo "1480"]
[BlackElo "1429"]
[WhiteRD "na"]
[BlackRD "na"]
[TimeControl "120+12"]
[Date "1999.10.12"]
[Time "00:27:00"]
[WhiteClock "0:02:00.000"]
[BlackClock "0:02:00.000"]
[ECO "D11"]
[PlyCount "76"]
[Result "1-0"]

1. d4 d5 2. c4 c6 3. Nf3 f5 4. e3 Nf6 5. Bd3 e6 6. a3 Bd6 7. Nc3 O-O 8. O-O b6 9. Qc2 Nbd7 10. b3 Rf7 11. b4 Nf8 12. c5 bxc5 13. bxc5 Bc7 14. Rb1 Ne4 15. Nd2 Qh4 16. f4 Rf6 17. Nf3 Qh5 18. Be2 Qh6 19. Nxe4 fxe4 20. Ne5 Ng6 21. Bd2 Nxe5 22. fxe5 Rg6 23. Rf4 Bd7 24. Rbf1 Qg5 25. Rg4 Qh6 26. Rxg6 Qxg6 27. Be1 Qe8 28. Bg3 Qc8 29. Rb1 Be8 30. Bg4 Bg6 31. Qa4 Bd8 32. Bf4 Bf5 33. Be2 Rb8 34. Rxb8 Qxb8 35. Qxc6 Be7 36. g4 Bh4 37. gxf5 Qb1+ 38. Kg2 h6 {Black resigns} 1-0

[Event "FICS rated blitz game"]
[Site "FICS freechess.org"]
[FICSGamesDBGameNo "20002532"]
[White "KuKanaka"]
[Black "AlphaTauri"]
[WhiteElo "1278"]
[BlackElo "1212"]
[WhiteRD "na"]
[BlackRD "na"]
[TimeControl "120+12"]
[Date "1999.10.12"]
[Time "00:24:00"]
[WhiteClock "0:02:00.000"]
[BlackClock "0:02:00.000"]
[ECO "C50"]
[PlyCount "54"]
[Result "0-1"]

1. e4 e5 2. Nf3 Nc6 3. Bc4 Be7 4. O-O Nf6 5. Nc3 O-O 6. d3 Na5 7. Bb5 a6 8. Ba4 b5 9. Bb3 Nxb3 10. axb3 c5 11. Nxe5 Qc7 12. Bf4 Bd6 13. Nd5 Nxd5 14. exd5 Bxe5 15. Bxe5 Qxe5 16. Qf3 Qxb2 17. d6 Rb8 18. c4 Bb7 19. Qd1 Qf6 20. cxb5 axb5 21. f4 Qxd6 22. f5 Qd5 23. Rf2 Rbe8 24. Ra5 Bc6 25. Ra1 Re3 26. Rd2 Rxd3 27. Rxd3 Qxg2# {White checkmated} 0-1

[Event "FICS rated blitz game"]
[Site "FICS freechess.org"]
[FICSGamesDBGameNo "20002531"]
[White "CWolfCW"]
[Black "bretm"]
[WhiteElo "1252"]
[BlackElo "1194"]
[WhiteRD "na"]
[BlackRD "na"]
[TimeControl "300+12"]
[Date "1999.10.11"]
[Time "23:05:00"]
[WhiteClock "0:05:00.000"]
[BlackClock "0:05:00.000"]
[ECO "C02"]
[PlyCount "68"]
[Result "0-1"]

1. e4 d5 2. e5 c5 3. d4 e6 4. Nf3 Ne7 5. Bb5+ Bd7 6. Bxd7+ Qxd7 7. O-O Nf5 8. Nc3 Nc6 9. Bd2 cxd4 10. Nb5 Be7 11. a3 O-O 12. Bb4 a6 13. Bxe7 Qxe7 14. Nbxd4 Rac8 15. Nxf5 exf5 16. Qxd5 Rfd8 17. Qa2 Nxe5 18. Nxe5 Qxe5 19. Rae1 Qf6 20. c3 f4 21. f3 Rd2 22. Rf2 Rxf2 23. Kxf2 Qh4+ 24. Kf1 Qxh2 25. Re2 h6 26. Re7 Qh1+ 27. Kf2 Qh4+ 28. Kg1 Qxe7 29. Qb3 Re8 30. Qd1 Qe1+ 31. Qxe1 Rxe1+ 32. Kf2 Rb1 33. b4 Rc1 34. Ke2 Rxc3 {White resigns} 0-1

[Event "FICS rated blitz game"]
[Site "FICS freechess.org"]
[FICSGamesDBGameNo "20002530"]
[White "MrGrey"]
[Black "EchecEtMat"]
[WhiteElo "1426"]
[BlackElo "1206"]
[WhiteRD "na"]
[BlackRD "na"]
[TimeControl "120+12"]
[Date "1999.10.11"]
[Time "20:15:00"]
[WhiteClock "0:02:00.000"]
[BlackClock "0:02:00.000"]
[ECO "C36"]
[PlyCount "75"]
[Result "1-0"]

1. e4 e5 2. f4 d5 3. exd5 exf4 4. Nf3 Nf6 5. Bc4 Bg4 6. O-O Bc5+ 7. d4 Be7 8. Bxf4 O-O 9. Bb3 Nbd7 10. c4 Re8 11. Kh1 h6 12. Qd3 Bh5 13. Nbd2 Bg6 14. Qc3 Ne4 15. Nxe4 Bxe4 16. Rae1 Nf6 17. Ne5 Bh7 18. Qg3 Nh5 19. Qh3 Nxf4 20. Rxf4 Bf6 21. Qg3 c6 22. dxc6 bxc6 23. Nxc6 Rxe1+ 24. Qxe1 Qc7 25. Rxf6 gxf6 26. d5 Kh8 27. Qh4 Rg8 28. Qxf6+ Rg7 29. Qxh6 Qd7 30. Qf6 Qg4 31. Qf1 Be4 32. Bd1 Bxg2+ 33. Kg1 Bf3+ 34. Kf2 Bxd1 35. Ke3 Qg5+ 36. Kd4 Qg4+ 37. Kc5 Be2 38. Qc1 {Black forfeits on time} 1-0

[Event "FICS rated blitz game"]
[Site "FICS freechess.org"]
[FICSGamesDBGameNo "20002529"]
[White "Avram"]
[Black "myoung"]
[WhiteElo "1295"]
[BlackElo "976"]
[WhiteRD "na"]
[BlackRD "na"]
[TimeControl "300+0"]
[Date "1999.10.11"]
[Time "18:35:00"]
[WhiteClock "0:05:00.000"]
[BlackClock "0:05:00.000"]
[ECO "C41"]
[PlyCount "91"]
[Result "1-0"]

1. e4 e5 2. Nf3 d6 3. d4 exd4 4. Nxd4 Nf6 5. Nc3 d5 6. Nf3 dxe4 7. Qxd8+ Kxd8 8. Ng5 Be6 9. Ncxe4 Nxe4 10. Nxe4 Nc6 11. Bd3 Kd7 12. O-O Rd8 13. Bg5 Re8 14. Rad1 Kc8 15. Nc5 h6 16. Be3 b6 17. Na6 Kb7 18. Bb5 Bxa2 19. b3 Bc5 20. Ra1 Re5 21. Rxa2 Bxe3 22. fxe3 Rxb5 23. Rxf7 Rc8 24. Rxg7 Ra5 25. Rxa5 Nxa5 26. Nb4 Nc6 27. Nxc6 Kxc6 28. Rh7 Kb7 29. Rxh6 Re8 30. Kf2 Re5 31. Ke2 Rc5 32. Kd2 Rd5+ 33. Kc3 Rg5 34. g3 Re5 35. Kd4 Re7 36. e4 Rd7+ 37. Ke3 c5 38. e5 a5 39. e6 Re7 40. Rf6 Ka6 41. Ke4 c4 42. bxc4 a4 43. Kd5 a3 44. Rf7 a2 45. Rf1 Ra7 46. Ra1 {Black forfeits on time} 1-0

[Event "FICS rated blitz game"]
[Site "FICS freechess.org"]
[FICSGamesDBGameNo "20002528"]
[White "USranger"]
[Black "royalone"]
[WhiteElo "1414"]
[BlackElo "1308"]
[WhiteRD "na"]
[BlackRD "na"]
[TimeControl "300+0"]
[Date "1999.10.11"]
[Time "18:12:00"]
[WhiteClock "0:05:00.000"]
[BlackClock "0:05:00.000"]
[ECO "A45"]
[PlyCount "74"]
[Result "0-1"]

1. d4 Nf6 2. e3 g6 3. Bd3 Bg7 4. f4 O-O 5. Nf3 d6 6. O-O Nc6 7. Nc3 Bg4 8. Be2 e6 9. e4 a6 10. e5 Nd7 11. exd6 cxd6 12. h3 Bxf3 13. Bxf3 d5 14. Bd2 Nf6 15. Be3 Qb6 16. Rb1 Nd7 17. Na4 Qb4 18. Nc5 Nxc5 19. dxc5 d4 20. Bxc6 bxc6 21. Bd2 Qxc5 22. Kh1 Rad8 23. a3 d3 24. Bb4 Qxc2 25. Bxf8 Bxf8 26. Qg4 d2 27. Rfd1 f5 28. Qg5 Rd7 29. Qf6 Qe4 30. Ra1 Rf7 31. Qh4 Bg7 32. Rxd2 Bf6 33. Qf2 e5 34. Re1 Qxf4 35. Qc5 Qxd2 36. Rg1 Qd5 37. Qa7 Rxa7 {White resigns} 0-1

[Event "FICS rated standard game"]
[Site "FICS freechess.org"]
[FICSGamesDBGameNo "20002527"]
[White "Roederer"]
[Black "Richestar"]
[WhiteElo "1199"]
[BlackElo "1318"]
[WhiteRD "na"]
[BlackRD "na"]
[TimeControl "1800+0"]
[Date "1999.10.11"]
[Time "17:48:00"]
[WhiteClock "0:30:00.000"]
[BlackClock "0:30:00.000"]
[ECO "C20"]
[PlyCount "28"]
[Result "0-1"]

1. e4 e5 2. Qh5 Nc6 3. Bc4 Nh6 4. Nf3 d6 5. Ng5 Qd7 6. d3 Nb4 7. Na3 d5 8. exd5 Nxd5 9. Ne4 Nf6 10. Qxe5+ Be7 11. Ng5 O-O 12. Nb5 Bd6 13. Nxd6 cxd6 14. Qd5 Nxd5 {White resigns} 0-1

[Event "FICS rated blitz game"]
[Site "FICS freechess.org"]
[FICSGamesDBGameNo "20002526"]
[White "Jupiter"]
[Black "USranger"]
[WhiteElo "1391"]
[BlackElo "1417"]
[WhiteRD "na"]
[BlackRD "na"]
[TimeControl "180+0"]
[Date "1999.10.11"]
[Time "17:44:00"]
[WhiteClock "0:03:00.000"]
[BlackClock "0:03:00.000"]
[ECO "C41"]
[PlyCount "68"]
[Result "0-1"]

1. e4 e5 2. Nf3 d6 3. Bb5+ c6 4. Be2 Nf6 5. d3 Be7 6. Bg5 O-O 7. Nc3 c5 8. Qd2 Nc6 9. h3 Nd4 10. Nxd4 cxd4 11. Bxf6 dxc3 12. Qxc3 Bxf6 13. O-O-O Be6 14. g4 Bh4 15. Kb1 Rc8 16. Qd2 Qb6 17. f4 Qa6 18. a3 exf4 19. d4 Qb6 20. Qxf4 Be7 21. d5 Bd7 22. Bd3 Bb5 23. h4 Bxd3 24. Rxd3 Bf6 25. Rb3 Qc5 26. Rh2 Qg1+ 27. Ka2 b5 28. g5 Be5 29. Qf2 Qc1 30. c3 Bxh2 31. Qxh2 Rce8 32. Qxd6 Rxe4 33. Qc5 Re1 34. Qxf8+ Kxf8 {White forfeits on time} 0-1

[Event "FICS rated blitz game"]
[Site "FICS freechess.org"]
[FICSGamesDBGameNo "20002524"]
[White "haka"]
[Black "ilios"]
[WhiteElo "1563"]
[BlackElo "1716"]
[WhiteRD "na"]
[BlackRD "na"]
[TimeControl "180+0"]
[Date "1999.10.11"]
[Time "17:36:00"]
[WhiteClock "0:03:00.000"]
[BlackClock "0:03:00.000"]
[ECO "B06"]
[PlyCount "95"]
[Result "1-0"]

1. e4 d6 2. f4 g6 3. Nf3 c6 4. Nc3 Nf6 5. d3 Bg7 6. Qe2 e5 7. g3 O-O 8. Bg2 Nh5 9. O-O Bg4 10. Qf2 Nd7 11. Be3 Nhf6 12. Bxa7 c5 13. Nb5 Rxa7 14. Nxa7 Qb6 15. fxe5 Nxe5 16. Nxe5 dxe5 17. h3 Be6 18. a4 Qxa7 19. a5 Bc8 20. c3 Nd7 21. Kh2 b6 22. axb6 Qxb6 23. Rad1 Ba6 24. Qe2 Nf6 25. Qf2 Nh5 26. c4 Qd6 27. b3 Bc8 28. Qf3 Be6 29. Rf2 f5 30. exf5 Bxf5 31. Qd5+ Qxd5 32. Bxd5+ Kh8 33. g4 Bxd3 34. Rxf8+ Bxf8 35. Rxd3 Nf4 36. Rd2 Nxd5 37. Rxd5 Kg7 38. Rxe5 Bd6 39. Kg2 Bxe5 40. Kf3 Bc3 41. Ke4 Bb4 42. Kd5 Kf6 43. Ke4 h6 44. h4 h5 45. g5+ Ke6 46. Kd3 Ba3 47. Ke2 Kf5 48. Kf3 {Black forfeits on time} 1-0

[Event "FICS rated blitz game"]
[Site "FICS freechess.org"]
[FICSGamesDBGameNo "20002523"]
[White "cybrbeer"]
[Black "BMFR"]
[WhiteElo "1063"]
[BlackElo "1391"]
[WhiteRD "na"]
[BlackRD "na"]
[TimeControl "600+0"]
[Date "1999.10.11"]
[Time "17:18:00"]
[WhiteClock "0:10:00.000"]
[BlackClock "0:10:00.000"]
[ECO "D00"]
[PlyCount "72"]
[Result "0-1"]

1. d4 d5 2. e3 Nc6 3. Nf3 Bf5 4. Bb5 Qd7 5. O-O O-O-O 6. Nc3 f6 7. Nh4 g5 8. Nxf5 Qxf5 9. Bd3 Qd7 10. Qf3 e6 11. Nb5 h5 12. Bg6 g4 13. Qf4 Rh6 14. Bf5 exf5 15. e4 fxe4 16. Nc3 Rh7 17. Qe3 f5 18. Qf4 Bh6 19. Qg3 f4 20. Bxf4 Bxf4 21. Qxf4 Rf7 22. Qg5 Nxd4 23. Rac1 Nf6 24. Qe3 Nc6 25. Qc5 h4 26. g3 hxg3 27. hxg3 Ne5 28. Qxa7 Nf3+ 29. Kg2 Qc6 30. Qa8+ Kd7 31. Qa7 Rh8 32. Rfd1 Rh2+ 33. Kf1 Qc4+ 34. Rd3 exd3 35. b3 d2+ 36. Ne2 dxc1=Q# {White checkmated} 0-1

[Event "FICS rated blitz game"]
[Site "FICS freechess.org"]
[FICSGamesDBGameNo "20002521"]
[White "Balog"]
[Black "BMFR"]
[WhiteElo "1403"]
[BlackElo "1384"]
[WhiteRD "na"]
[BlackRD "na"]
[TimeControl "120+12"]
[Date "1999.10.11"]
[Time "16:57:00"]
[WhiteClock "0:02:00.000"]
[BlackClock "0:02:00.000"]
[ECO "C71"]
[PlyCount "52"]
[Result "0-1"]

1. e4 e5 2. Nf3 Nc6 3. Bb5 a6 4. Ba4 d6 5. d4 exd4 6. Nxd4 Bd7 7. O-O Nf6 8. Re1 Be7 9. Nf5 O-O 10. Bg5 b5 11. Bb3 Bxf5 12. exf5 Ne5 13. Nc3 c5 14. Bxf6 Bxf6 15. Bd5 Rb8 16. Ne4 c4 17. Qd2 Re8 18. Nxd6 Re7 19. Ne4 Rd7 20. Rad1 Bh4 21. Nc5 Re7 22. Rxe5 Rxe5 23. f4 Rxf5 24. Ne6 Qb6+ 25. Kh1 fxe6 26. Bxe6+ Qxe6 {White resigns} 0-1

[Event "FICS rated blitz game"]
[Site "FICS freechess.org"]
[FICSGamesDBGameNo "20002519"]
[White "Maksim"]
[Black "Tension"]
[WhiteElo "1215"]
[BlackElo "1270"]
[WhiteRD "na"]
[BlackRD "na"]
[TimeControl "300+12"]
[Date "1999.10.11"]
[Time "16:51:00"]
[WhiteClock "0:05:00.000"]
[BlackClock "0:05:00.000"]
[ECO "C40"]
[PlyCount "46"]
[Result "0-1"]

1. e4 e5 2. Nf3 f6 3. c4 Nc6 4. Nc3 d6 5. b3 h5 6. Ba3 h4 7. h3 g5 8. Nh2 g4 9. Nxg4 f5 10. Nh2 f4 11. Qe2 Nd4 12. Qd3 Bd7 13. O-O-O Nf6 14. Rg1 Bc6 15. f3 Bd7 16. Bb2 Rg8 17. Na4 c5 18. Nc3 Bxh3 19. Nd5 Nxd5 20. exd5 Bf5 21. Qc3 h3 22. Re1 Qh4 23. Kd1 Bc2+ {White resigns} 0-1

[Event "FICS rated blitz game"]
[Site "FICS freechess.org"]
[FICSGamesDBGameNo "20002518"]
[White "quintic"]
[Black "BooRadley"]
[WhiteElo "1218"]
[BlackElo "1336"]
[WhiteRD "na"]
[BlackRD "na"]
[TimeControl "300+0"]
[Date "1999.10.11"]
[Time "16:17:00"]
[WhiteClock "0:05:00.000"]
[BlackClock "0:05:00.000"]
[ECO "B08"]
[PlyCount "102"]
[Result "0-1"]

1. e4 d6 2. d4 Nf6 3. Nc3 g6 4. Nf3 Bg7 5. Bc4 O-O 6. O-O Nbd7 7. h3 e5 8. dxe5 Nxe5 9. Nxe5 dxe5 10. Qxd8 Rxd8 11. Bg5 c6 12. b4 b6 13. a4 Bb7 14. Rad1 Rd4 15. Rxd4 exd4 16. Ne2 Nxe4 17. Bf4 Re8 18. Bd3 c5 19. Bb5 Re7 20. Bd6 Nxd6 21. Ng3 Nxb5 22. axb5 c4 23. Rd1 Re6 24. f3 Rd6 25. Kh2 d3 26. cxd3 cxd3 27. Rd2 Bc3 28. Rd1 Bxb4 29. Nf1 f5 30. Ne3 Bc5 31. Nc4 Rd4 32. Nb2 Bd5 33. Rxd3 Rxd3 34. Nxd3 Bc4 35. Nxc5 bxc5 36. b6 axb6 37. Kg1 b5 38. Kf2 b4 39. Ke3 b3 40. Kd2 Bd5 41. Kc3 c4 42. Kb2 Kf7 43. Kc3 Ke6 44. Kb2 Ke5 45. Kc3 f4 46. Kb2 Kd4 47. Ka3 Kd3 48. Kb2 Kd2 49. Kb1 c3 50. Ka1 c2 51. Kb2 c1=Q# {White checkmated} 0-1

[Event "FICS rated lightning game"]
[Site "FICS freechess.org"]
[FICSGamesDBGameNo "20002517"]
[White "Minotaurus"]
[Black "Hellkite"]
[WhiteElo "1622"]
[BlackElo "1597"]
[WhiteRD "na"]
[BlackRD "na"]
[TimeControl "60+0"]
[Date "1999.10.11"]
[Time "15:58:00"]
[WhiteClock "0:01:00.000"]
[BlackClock "0:01:00.000"]
[ECO "B50"]
[PlyCount "52"]
[Result "0-1"]

1. e4 c5 2. Nf3 d6 3. d3 e6 4. g3 Bd7 5. Bg2 Bc6 6. O-O Na6 7. Re1 Nc7 8. Nbd2 Ne7 9. b3 Ng6 10. Bb2 e5 11. h3 Be7 12. Kh2 O-O 13. Qe2 f5 14. exf5 Rxf5 15. Ne4 Qf8 16. Rf1 Re8 17. Nfd2 Bd8 18. c4 Ne6 19. g4 Rf7 20. Nf3 Nef4 21. Qe3 Nxg2 22. Kxg2 Nf4+ 23. Kg3 Re6 24. Rae1 Rg6 25. Nh4 Bxh4+ 26. Kxh4 Ng2+ {White resigns} 0-1

[Event "FICS rated blitz game"]
[Site "FICS freechess.org"]
[FICSGamesDBGameNo "20002516"]
[White "Thesevs"]
[Black "Ilusagin"]
[WhiteElo "1506"]
[BlackElo "1694"]
[WhiteRD "na"]
[BlackRD "na"]
[TimeControl "120+12"]
[Date "1999.10.11"]
[Time "15:58:00"]
[WhiteClock "0:02:00.000"]
[BlackClock "0:02:00.000"]
[ECO "B33"]
[PlyCount "46"]
[Result "0-1"]

1. e4 c5 2. Nf3 Nc6 3. d4 cxd4 4. Nxd4 Nf6 5. Nc3 a6 6. Bg5 Qa5 7. Bxf6 exf6 8. Nb3 Qe5 9. Bd3 Bb4 10. Qd2 d5 11. a3 dxe4 12. Bxe4 Bxc3 13. Qxc3 Qxe4+ 14. Kf1 O-O 15. f3 Qd5 16. Kf2 Be6 17. Rad1 Qg5 18. Nd4 Nxd4 19. Qxd4 Qe5 20. Qb6 Rab8 21. b3 Qc3 22. Rhe1 Qxc2+ 23. Kg1 Qxb3 {White resigns} 0-1

[Event "FICS rated blitz game"]
[Site "FICS freechess.org"]
[FICSGamesDBGameNo "20002515"]
[White "MazerRackham"]
[Black "UnforgivenII"]
[WhiteElo "1416"]
[BlackElo "1411"]
[WhiteRD "na"]
[BlackRD "na"]
[TimeControl "180+0"]
[Date "1999.10.11"]
[Time "15:58:00"]
[WhiteClock "0:03:00.000"]
[BlackClock "0:03:00.000"]
[ECO "D53"]
[PlyCount "59"]
[Result "1-0"]

1. d4 e6 2. c4 Nf6 3. Nc3 d5 4. Bg5 Be7 5. e3 dxc4 6. Bxc4 Nc6 7. Nge2 h6 8. Bxf6 Bxf6 9. Rc1 Bd7 10. Bd3 Nb4 11. Bb1 Be7 12. O-O Bf6 13. Ng3 e5 14. d5 c6 15. e4 cxd5 16. exd5 Qb6 17. a3 Na6 18. Ba2 Bb5 19. Re1 Nc5 20. Rc2 Na4 21. Nxa4 Bxa4 22. Rc8+ Rxc8 23. Qxa4+ Kf8 24. Ne4 Bh4 25. d6 Rd8 26. Rd1 f5 27. Ng3 f4 28. Ne4 g5 29. Qc4 Kg7 30. Qf7# {Black checkmated} 1-0

[Event "FICS rated lightning game"]
[Site "FICS freechess.org"]
[FICSGamesDBGameNo "20002514"]
[White "OnlyOne"]
[Black "Gnasher"]
[WhiteElo "1638"]
[BlackElo "1696"]
[WhiteRD "na"]
[BlackRD "na"]
[TimeControl "120+0"]
[Date "1999.10.11"]
[Time "15:57:00"]
[WhiteClock "0:02:00.000"]
[BlackClock "0:02:00.000"]
[ECO "A43"]
[PlyCount "71"]
[Result "1-0"]

1. d4 c5 2. e3 b6 3. dxc5 bxc5 4. Nf3 d5 5. c4 e6 6. cxd5 exd5 7. Nc3 Nf6 8. Bb5+ Bd7 9. Bxd7+ Qxd7 10. Ne5 Qd6 11. Qa4+ Nbd7 12. Nxd7 Qxd7 13. Qxd7+ Kxd7 14. O-O Bd6 15. Ne2 Rac8 16. b3 Be5 17. Rb1 Ne4 18. Ba3 Nd2 19. Rfd1 Nxb1 20. Rxb1 Rhd8 21. f4 Bf6 22. Rd1 Kc6 23. Nc1 Re8 24. Kf2 d4 25. Nd3 dxe3+ 26. Ke2 Bd4 27. Rc1 Kd5 28. g3 Re6 29. Rc2 Rh6 30. Kf3 Ra6 31. Bc1 Re8 32. Re2 Rae6 33. b4 c4 34. Nc5 Bxc5 35. bxc5 Kxc5 36. Bxe3+ {Black forfeits on time} 1-0

[Event "FICS rated blitz game"]
[Site "FICS freechess.org"]
[FICSGamesDBGameNo "20002513"]
[White "Torjusen"]
[Black "bebop"]
[WhiteElo "1206"]
[BlackElo "1346"]
[WhiteRD "na"]
[BlackRD "na"]
[TimeControl "180+2"]
[Date "1999.10.11"]
[Time "15:55:00"]
[WhiteClock "0:03:00.000"]
[BlackClock "0:03:00.000"]
[ECO "C42"]
[PlyCount "64"]
[Result "0-1"]

1. e4 e5 2. Nf3 Nf6 3. Nxe5 d6 4. Nf3 Nxe4 5. Qe2 Qe7 6. d3 Nf6 7. Qxe7+ Bxe7 8. d4 d5 9. Nc3 Bb4 10. Bg5 Nbd7 11. Ne5 O-O 12. Bb5 Nxe5 13. dxe5 Ne4 14. Bd2 Nxd2 15. Kxd2 d4 16. f4 dxc3+ 17. bxc3 Bc5 18. Rab1 Bf5 19. Bd3 Bxd3 20. cxd3 b6 21. d4 Be7 22. Rb5 Rfd8 23. a4 a6 24. Rb3 Rd5 25. c4 Ra5 26. Ke3 Rxa4 27. Rhb1 f6 28. exf6 Bxf6 29. Rb4 Rxb4 30. Rxb4 Rd8 31. d5 a5 32. Rb2 Bxb2 {White resigns} 0-1